MLB
TEXAS RANGERS @ LOS ANGELES ANGELS
08/03/2020
 
TOP OF THE 1ST
Texas Rangers batting - Pitching for Los Angeles Angels : LHP Cole Hamels
Pitching: LHP Cole Hamels
Batting: SHB Cesar Hernandez 0-0: Foul Ball, location: 2F
0-1: DOUBLE (Flyball, 89D, EV 98.1 MPH)
Batting: RHB Randy Arozarena 0-0: Swinging Strike
0-1: Called Strike
0-2: Strikes out swinging
Batting: LHB Bryce Harper 0-0: Called Strike
0-1: Foul Ball, location: 2F
0-2: Ground out 4-3 (Groundball, 4S, EV 85.0 MPH)
Cesar Hernandez to third
Batting: RHB Ryan Braun 0-0: Swinging Strike
0-1: Ball
1-1: SINGLE (Line Drive, 8LS, EV 102.5 MPH)
Cesar Hernandez scores
Batting: RHB Will D. Smith 0-0: Called Strike
0-1: Ball
1-1: Ball
2-1: Swinging Strike
2-2: Strikes out swinging
Top of the 1st over - 1 run, 2 hits, 0 errors, 1 left on base; Texas 1 - Los Angeles 0
BOTTOM OF THE 1ST
Los Angeles Angels batting - Pitching for Texas Rangers : RHP Matt Shoemaker
Pitching: RHP Matt Shoemaker
Batting: RHB Francisco Pena 0-0: Called Strike
0-1: Swinging Strike
0-2: Strikes out looking
Batting: RHB Braden Bishop 0-0: Called Strike
0-1: Swinging Strike
0-2: Ball
1-2: Reached via error on a dropped throw from 1B, E1 (Groundball, 34, EV 106.9 MPH)
Batting: RHB Brian Anderson 0-0: Ball
1-0: Swinging Strike
1-1: Ball
2-1: Swinging Strike
2-2: Fly out, F7 (Flyball, 7D, EV 99.4 MPH)
Batting: SHB Yolmer Sanchez 0-0: Ball
1-0: Called Strike
1-1: Ball
2-1: Called Strike
2-2: Foul Ball, location: 2F
2-2: Foul Ball, location: 2F
2-2: Foul Ball, location: 2F
2-2: Strikes out swinging
Bottom of the 1st over - 0 runs, 0 hits, 1 error, 1 left on base; Texas 1 - Los Angeles 0
TOP OF THE 2ND
Texas Rangers batting - Pitching for Los Angeles Angels : LHP Cole Hamels
Batting: RHB Andrelton Simmons 0-0: Ball
1-0: Ground out 6-3 (Groundball, 6, EV 104.4 MPH)
Batting: LHB Joc Pederson 0-0: Ball
1-0: Ball
2-0: Foul Ball, location: 2F
2-1: Foul Ball, location: 2F
2-2: SOLO HOME RUN (Flyball, 89XD, EV 101.3 MPH), Distance : 416 ft
Batting: LHB Ender Inciarte 0-0: Ball
1-0: Fly out, F9 (Line Drive, 9, EV 93.8 MPH)
Batting: SHB Breyvic Valera 0-0: Ball
1-0: Ball
2-0: Ball
3-0: Called Strike
3-1: Base on Balls
Batting: SHB Cesar Hernandez 0-0: Ground out 4-3 (Groundball, 4, EV 99.4 MPH)
Top of the 2nd over - 1 run, 1 hit, 0 errors, 1 left on base; Texas 2 - Los Angeles 0
BOTTOM OF THE 2ND
Los Angeles Angels batting - Pitching for Texas Rangers : RHP Matt Shoemaker
Batting: RHB Mikie Mahtook 0-0: Ball
1-0: Ball
2-0: Called Strike
2-1: Swinging Strike
2-2: Foul Ball, location: 2F
2-2: Strikes out looking
Batting: RHB Wil Myers 0-0: Ball
1-0: Called Strike
1-1: Ball
2-1: Foul Ball, location: 2F
2-2: Ball
3-2: Foul Ball, location: 2F
3-2: Ground out 6-3 (Groundball, 6, EV 81.3 MPH)
Batting: RHB Cameron Maybin 0-0: Called Strike
0-1: Ball
1-1: Foul Ball, location: 2F
1-2: Foul Ball, location: 2F
1-2: Ball
2-2: Reached on error, E6 (Groundball, 6, EV 83.8 MPH)
Batting: RHB Avisail Garcia 0-0: Ball
1-0: Ball
2-0: Fielders Choice at 2nd, 6-4 (Groundball, 56, EV 100.6 MPH)
Bottom of the 2nd over - 0 runs, 0 hits, 1 error, 1 left on base; Texas 2 - Los Angeles 0
TOP OF THE 3RD
Texas Rangers batting - Pitching for Los Angeles Angels : LHP Cole Hamels
Batting: RHB Randy Arozarena 0-0: Ball
1-0: Foul Ball, location: 2F
1-1: SINGLE (Flyball, 78S, EV 96.3 MPH)
Batting: LHB Bryce Harper 0-0: Ball
1-0: Foul Ball, location: 2F
1-1: Fly out, F8 (Flyball, 8LD, EV 90.6 MPH)
Batting: RHB Ryan Braun 0-0: Called Strike
0-1: Swinging Strike
0-2: Foul Ball, location: 2F
0-2: Ball
1-2: Foul Ball, location: 2F
1-2: Strikes out swinging
Batting: RHB Will D. Smith 0-0: Ball
1-0: Ball
2-0: Ball
3-0: SINGLE (Groundball, 34D, EV 110.6 MPH)
Randy Arozarena to second
Runner from 2nd tries for 3rd, SAFE, throw by RF made to third
Batting: RHB Andrelton Simmons 0-0: Ball
1-0: SINGLE (Line Drive, 7S, EV 111.9 MPH)
Randy Arozarena scores
Will D. Smith to second
Batting: LHB Joc Pederson 0-0: Fly out, F7 (Line Drive, 7, EV 96.3 MPH)
Top of the 3rd over - 1 run, 3 hits, 0 errors, 2 left on base; Texas 3 - Los Angeles 0
BOTTOM OF THE 3RD
Los Angeles Angels batting - Pitching for Texas Rangers : RHP Matt Shoemaker
Batting: RHB Zack Cozart 0-0: Called Strike
0-1: Foul Ball, location: 2F
0-2: Strikes out swinging
Batting: RHB Francisco Pena 0-0: Ball
1-0: Ball
2-0: Swinging Strike
2-1: Ground out 5-3 (Groundball, 56S, EV 69.4 MPH)
Batting: RHB Braden Bishop 0-0: Ball
1-0: Ball
2-0: Reached on error, E8 (Flyball, 8LD, EV 85.0 MPH)
Batting: RHB Brian Anderson 0-0: Called Strike
0-1: Ball
1-1: Foul Ball, location: 2F
1-2: Ball
2-2: SINGLE (Groundball, 56, EV 78.1 MPH) (infield hit)
Braden Bishop to third
Batting: SHB Yolmer Sanchez 0-0: Called Strike
0-1: Ball
1-1: Called Strike
1-2: Strikes out swinging
Bottom of the 3rd over - 0 runs, 1 hit, 1 error, 2 left on base; Texas 3 - Los Angeles 0
TOP OF THE 4TH
Texas Rangers batting - Pitching for Los Angeles Angels : LHP Cole Hamels
Batting: LHB Ender Inciarte 0-0: Ball
1-0: Ball
2-0: Called Strike
2-1: Swinging Strike
2-2: Ball
3-2: Base on Balls
Batting: SHB Breyvic Valera 0-0: 2-RUN HOME RUN (Flyball, 7LD, EV 90.0 MPH), Distance : 367 ft
Batting: SHB Cesar Hernandez 0-0: Ball
1-0: Swinging Strike
1-1: Fly out, F8 (Flyball, 8RD, EV 99.4 MPH)
Batting: RHB Randy Arozarena 0-0: Ball
1-0: Ball
2-0: Ball
3-0: Called Strike
3-1: Foul Ball, location: 2F
3-2: Base on Balls
Pitching: RHP Sam Dyson
Batting: LHB Bryce Harper 0-0: Ball
1-0: Foul Ball, location: 2F
1-1: Called Strike
1-2: Ball
2-2: Ball
3-2: Fly out, F4 (Flyball, 3D, EV 85.0 MPH)
Batting: RHB Ryan Braun 0-0: Ball
1-0: Called Strike
1-1: Ball
2-1: Swinging Strike
2-2: Ball
3-2: Strikes out swinging
Top of the 4th over - 2 runs, 1 hit, 0 errors, 1 left on base; Texas 5 - Los Angeles 0
BOTTOM OF THE 4TH
Los Angeles Angels batting - Pitching for Texas Rangers : RHP Matt Shoemaker
Batting: RHB Mikie Mahtook 0-0: Called Strike
0-1: Swinging Strike
0-2: Fly out, F8 (Line Drive, 8RM, EV 97.5 MPH)
Batting: RHB Wil Myers 0-0: Ball
1-0: Called Strike
1-1: Fly out, F7 (Flyball, 78D, EV 105.6 MPH)
Batting: RHB Cameron Maybin 0-0: Ball
1-0: Ball
2-0: Ball
3-0: Called Strike
3-1: Base on Balls
Batting: RHB Avisail Garcia 0-0: Ball
1-0: Ball
2-0: Foul Ball, location: 2F
2-1: Fly out, F9 (Flyball, 9S, EV 92.5 MPH)
Bottom of the 4th over - 0 runs, 0 hits, 0 errors, 1 left on base; Texas 5 - Los Angeles 0
TOP OF THE 5TH
Texas Rangers batting - Pitching for Los Angeles Angels : RHP Sam Dyson
Batting: RHB Will D. Smith 0-0: Called Strike
0-1: Ball
1-1: Ball
2-1: Fly out, F8 (Flyball, 89M, EV 91.9 MPH)
Batting: RHB Andrelton Simmons 0-0: Foul Ball, location: 2F
0-1: Foul Ball, location: 2F
0-2: Ball
1-2: Strikes out swinging
Batting: LHB Joc Pederson 0-0: Swinging Strike
0-1: Ball
1-1: Ball
2-1: Swinging Strike
2-2: Strikes out swinging
Top of the 5th over - 0 runs, 0 hits, 0 errors, 0 left on base; Texas 5 - Los Angeles 0
BOTTOM OF THE 5TH
Los Angeles Angels batting - Pitching for Texas Rangers : RHP Matt Shoemaker
Batting: RHB Zack Cozart 0-0: Swinging Strike
0-1: Ball
1-1: Ground out 6-3 (Groundball, 6, EV 90.0 MPH)
Batting: RHB Francisco Pena 0-0: Ground out 6-3 (Groundball, P, EV 89.4 MPH)
Batting: RHB Braden Bishop 0-0: Ball
1-0: Ball
2-0: Foul Ball, location: 2F
2-1: Called Strike
2-2: Foul Ball, location: 2F
2-2: Foul Ball, location: 2F
2-2: Strikes out swinging
Bottom of the 5th over - 0 runs, 0 hits, 0 errors, 0 left on base; Texas 5 - Los Angeles 0
TOP OF THE 6TH
Texas Rangers batting - Pitching for Los Angeles Angels : RHP Sam Dyson
Pitching: RHP Carlos Martinez
Batting: LHB Ender Inciarte 0-0: Ball
1-0: Foul Ball, location: 2F
1-1: Swinging Strike
1-2: Ball
2-2: Foul Ball, location: 2F
2-2: Foul Ball, location: 2F
2-2: Ground out U3 (Groundball, 23, EV 81.3 MPH)
Batting: SHB Breyvic Valera 0-0: Called Strike
0-1: Foul Ball, location: 2F
0-2: Ball
1-2: Ball
2-2: Ball
3-2: Base on Balls
Batting: SHB Cesar Hernandez 0-0: Fly out, F8 (Flyball, 8RM, EV 96.3 MPH)
Batting: RHB Randy Arozarena 0-0: Ground out 4-3 (Groundball, 4, EV 81.9 MPH)
Top of the 6th over - 0 runs, 0 hits, 0 errors, 1 left on base; Texas 5 - Los Angeles 0
BOTTOM OF THE 6TH
Los Angeles Angels batting - Pitching for Texas Rangers : RHP Matt Shoemaker
Batting: RHB Brian Anderson 0-0: Called Strike
0-1: Ball
1-1: Ball
2-1: Fly out, F9 (Flyball, 9D, EV 76.3 MPH)
Pitching: RHP Yency Almonte
Batting: SHB Yolmer Sanchez 0-0: Ball
1-0: SINGLE (Line Drive, 89S, EV 96.3 MPH)
Batting: RHB Mikie Mahtook 0-0: Called Strike
Yolmer Sanchez is caught stealing 2nd base 2-4
0-1: Fly out, F3 (Popup, 3F, EV 67.5 MPH)
Bottom of the 6th over - 0 runs, 1 hit, 0 errors, 0 left on base; Texas 5 - Los Angeles 0
TOP OF THE 7TH
Texas Rangers batting - Pitching for Los Angeles Angels : RHP Carlos Martinez
Batting: LHB Bryce Harper 0-0: Swinging Strike
0-1: Ball
1-1: Foul Ball, location: 2F
1-2: Ball
2-2: Ball
3-2: Base on Balls
Pitching: RHP Sam Tuivailala
Batting: RHB Ryan Braun 0-0: Foul Ball, location: 2F
0-1: Swinging Strike
0-2: Foul Ball, location: 2F
0-2: Ball
1-2: Strikes out swinging
Batting: RHB Will D. Smith 0-0: Ball
1-0: Foul Ball, location: 2F
1-1: Called Strike
1-2: Ball
2-2: Strikes out swinging
Batting: RHB Andrelton Simmons 0-0: Ball
1-0: Ground out 5-3 (Groundball, 56S, EV 88.1 MPH)
Top of the 7th over - 0 runs, 0 hits, 0 errors, 1 left on base; Texas 5 - Los Angeles 0
BOTTOM OF THE 7TH
Los Angeles Angels batting - Pitching for Texas Rangers : RHP Yency Almonte
Batting: RHB Wil Myers 0-0: Called Strike
0-1: Called Strike
0-2: Ball
1-2: Ball
2-2: Foul Ball, location: 2F
2-2: Strikes out looking
Batting: RHB Cameron Maybin 0-0: Fly out, F8 (Flyball, 8LD, EV 106.3 MPH)
Batting: RHB Avisail Garcia 0-0: Foul Ball, location: 2F
0-1: Ball
1-1: Foul Ball, location: 2F
1-2: Ball
2-2: Fly out, F9 (Flyball, 9LM, EV 96.9 MPH)
Bottom of the 7th over - 0 runs, 0 hits, 0 errors, 0 left on base; Texas 5 - Los Angeles 0
TOP OF THE 8TH
Texas Rangers batting - Pitching for Los Angeles Angels : RHP Sam Tuivailala
Batting: LHB Joc Pederson 0-0: Called Strike
0-1: Ball
1-1: Swinging Strike
1-2: Ball
2-2: Ball
3-2: Foul Ball, location: 2F
3-2: Ground out 3-1 (Groundball, 34S, EV 77.5 MPH)
Pitching: RHP Hansel Robles
Batting: LHB Ender Inciarte 0-0: Called Strike
0-1: Foul Ball, location: 2F
0-2: Ball
1-2: Ball
2-2: Ball
3-2: Fly out, F5 (Flyball, 5D, EV 83.1 MPH)
Batting: SHB Breyvic Valera 0-0: Ball
1-0: SINGLE (Line Drive, 7LS, EV 98.1 MPH)
Batting: SHB Cesar Hernandez 0-0: Foul Ball, location: 2F
0-1: Foul Ball, location: 2F
0-2: Ball
1-2: Ground out 4-3 (Groundball, 34, EV 91.3 MPH)
Top of the 8th over - 0 runs, 1 hit, 0 errors, 1 left on base; Texas 5 - Los Angeles 0
BOTTOM OF THE 8TH
Los Angeles Angels batting - Pitching for Texas Rangers : RHP Yency Almonte
Batting: RHB Zack Cozart 0-0: Ball
1-0: Called Strike
1-1: Ball
2-1: Ball
3-1: Foul Ball, location: 2F
3-2: Fly out, F8 (Flyball, 89D, EV 106.3 MPH)
Batting: RHB Francisco Pena 0-0: Called Strike
0-1: Ball
1-1: Called Strike
1-2: Fly out, F3 (Popup, 3F, EV 66.9 MPH)
Batting: RHB Braden Bishop 0-0: Foul Ball, location: 2F
0-1: Ball
1-1: Foul Ball, location: 2F
1-2: Ball
2-2: Fly out, F8 (Line Drive, 8LM, EV 92.5 MPH)
Bottom of the 8th over - 0 runs, 0 hits, 0 errors, 0 left on base; Texas 5 - Los Angeles 0
TOP OF THE 9TH
Texas Rangers batting - Pitching for Los Angeles Angels : RHP Hansel Robles
Batting: RHB Randy Arozarena 0-0: Swinging Strike
0-1: Foul Ball, location: 2F
0-2: Ground out 6-3 (Groundball, 56, EV 79.4 MPH)
Pitching: RHP Chaz Roe
Batting: LHB Bryce Harper 0-0: Foul Ball, location: 2F
0-1: Ball
1-1: Hit by Pitch
Batting: RHB Ryan Braun 0-0: Fly out, F9 (Flyball, 9, EV 95.6 MPH)
Batting: RHB Will D. Smith 0-0: Called Strike
0-1: Ball
1-1: SINGLE (Line Drive, 89S, EV 100.6 MPH)
Bryce Harper to second
Batting: RHB Andrelton Simmons 0-0: Foul Ball, location: 2F
0-1: Ball
1-1: Ball
2-1: Called Strike
2-2: Strikes out looking
Top of the 9th over - 0 runs, 1 hit, 0 errors, 2 left on base; Texas 5 - Los Angeles 0
BOTTOM OF THE 9TH
Los Angeles Angels batting - Pitching for Texas Rangers : RHP Yency Almonte
Batting: RHB Brian Anderson 0-0: Ball
1-0: Ball
2-0: Ground out 3-1 (Groundball, 34S, EV 93.1 MPH)
Batting: SHB Yolmer Sanchez 0-0: Ball
1-0: Called Strike
1-1: Swinging Strike
1-2: Ball
2-2: Ground out 5-3 (Groundball, 5, EV 86.9 MPH)
Pitching: RHP Nick Goody
Batting: RHB Mikie Mahtook 0-0: Ball
1-0: Foul Ball, location: 2F
1-1: Ball
2-1: Foul Ball, location: 2F
2-2: Ground out 6-3 (Groundball, 56, EV 90.0 MPH)
Bottom of the 9th over - 0 runs, 0 hits, 0 errors, 0 left on base; Texas 5 - Los Angeles 0
Tuesday, October 6th, 2020 - OOTP Baseball 21.6 Build 83